 Dungeon Crawl Stone Soup version 0.27-a0-1189-gb8eb6cee8e (webtiles) character file.

Game seed: 12051959334643933441

161 Conn the Sneak (level 5, -3/32 HPs)
             Began as an Octopode Fire Elementalist on May 23, 2021.
             Splashed by Ijyb's acid (17 damage)
             ... on level 3 of the Dungeon.
             The game lasted 00:05:02 (2737 turns).

Conn the Sneak (Octopode Fire Elementalist)         Turns: 2737, Time: 00:05:03

Health: -3/32      AC: -3    Str:  7    XL:     5   Next: 42%
Magic:  7/9        EV: 13    Int: 18    God:
Gold:   78         SH:  0    Dex: 13    Spells: 4/10 levels left

rFire    . . .     SeeInvis .   c - +1 mace (protect)
rCold    . . .     Faith    .   (no shield)
rNeg     . . .     Spirit   .   (helmet restricted)
rPois    .         Reflect  .   (no amulet)
rElec    .         Harm     .   (no ring)
rCorr    .         Rampage  .   (no ring)
Will     .....                  (no ring)
Stlth    +++.......             (no ring)
HPRegen  0.10/turn              (no ring)
MPRegen  0.11/turn              (no ring)
                                (no ring)
                                (no ring)

@: corroded, very slightly contaminated
A: almost no armour, amphibious, 8 rings, camouflage 1, gelatinous body 1,
(nimble swimmer 1), tentacles
a: no special abilities


You were on level 3 of the Dungeon.
You visited 1 branch of the dungeon, and saw 3 of its levels.

You collected 78 gold pieces.

Inventory:

Hand Weapons
 a - a +0 dagger
 c - a +1 mace of protection (weapon)
Missiles
 b - 3 curare-tipped darts (quivered)
 i - 19 poisoned darts
Scrolls
 d - a scroll of enchant armour {unknown}
 e - 3 scrolls of identify {unknown}
 f - a scroll of immolation {unknown}
 h - a scroll of silence {unknown}
 j - a scroll of teleportation {unknown}
 l - 2 scrolls of fear {unknown}
Potions
 g - a potion of experience {unknown}
 k - a potion of curing {unknown}


   Skills:
 + Level 0.5 Fighting
 + Level 1.1 Maces & Flails
 + Level 2.7 Dodging
 + Level 4.0 Stealth
 + Level 3.0 Spellcasting
 + Level 1.4 Conjurations
 + Level 3.9 Fire Magic


You had 4 spell levels left.
You knew the following spells:

 Your Spells              Type           Power      Damage    Failure   Level
a - Foxfire               Conj/Fire      48%        2x1d6     5%          1
b - Conjure Flame         Conj/Fire      12%        6-21      16%         3
c - Blink                 Tloc           N/A        N/A       24%         2

Your spell library contained the following spells:

 Spells                   Type           Power      Damage    Failure   Level
 Magic Dart               Conj           28%        1d4       9%          1
 Animate Skeleton         Necr           4%         N/A       16%         1
 Pain                     Necr           8%         1d4       16%         1
 Inner Flame              Hex/Fire       9%         N/A       22%         3
 Call Imp                 Summ           2%         N/A       24%         2
 Slow                     Hex            2%         N/A       24%         2
 Mephitic Cloud           Conj/Pois/Air  4%         N/A       38%         3
 Vampiric Draining        Necr           1%         2d6       43%         3
 Sticky Flame             Conj/Fire      12%        2d4       47%         4
 Animate Dead             Necr           1%         N/A       85%         4
 Fireball                 Conj/Fire      6%         3d5       83%         5
 Agony                    Necr           2%         N/A       99%         5


Dungeon Overview and Level Annotations

Branches:
Dungeon (3/15)

Altars:

Annotations:
D:3 Ijyb


Innate Abilities, Weirdness & Mutations

You cannot wear most types of armour.
You are amphibious.
You can wear up to eight rings at the same time.
Your skin changes colour to match your surroundings (Stealth+).
Your rubbery body absorbs attacks. (AC +1, EV +1)
((You are camouflaged near water. (Stealth+)))
You have tentacles for arms and can constrict up to eight enemies at once.


Message History

There is a stone staircase leading down here.
Done exploring.
Done exploring.
There is a stone staircase leading down here.
You climb downwards. 2 jackals come into view.
Found a scroll labelled ZUETWA ZIUTRI.
There is a stone staircase leading up here.
Casting: Foxfire (safe; 5% risk of failure)
Confirm with . or Enter, or press ? or * to list all spells.
You conjure some foxfire!
The foxfire hits the jackal.
The jackal is lightly wounded.
The jackal barks!
The foxfire hits the jackal.
You kill the jackal!
You hear a shout!
Casting: Foxfire (safe; 5% risk of failure)
Confirm with . or Enter, or press ? or * to list all spells.
You miscast Foxfire.
You are very lightly contaminated with residual magic.
Nothing appears to happen.
Ijyb the Twisted Goblin comes into view.
She is wielding a +0 dagger and carrying a wand of acid (4).
A giant cockroach comes into view.
Ijyb zaps a wand.
The bolt of acid hits the jackal!
The jackal is splashed with acid!
The jackal dies!
The bolt of acid misses you.
There is a stone staircase leading up here.
You aren't carrying any items that you can evoke.
Throw: 4 darts (curare)
Press: ? - help, Q - select action, (/) - cycle Shift-Dir - straight line, f - Ijyb
Aim: Ijyb, wielding a +0 dagger, wearing a +0 scale mail and carrying a wand of acid (3) (52% to hit)
You throw a curare-tipped dart.
The curare-tipped dart closely misses Ijyb.
Ijyb zaps a wand.
The bolt of acid hits you!!
Ouch! That really hurt!
The acid corrodes you!
You are splashed with acid!
Ouch! That really hurt!
You die...

#### ...
..###B###
.......##
..#.#...@#
........##
#.#.##..#
....#
#g##†## ..
.. .( .?#
# .. ..#


You could see Ijyb and a giant cockroach.

Vanquished Creatures
  An ogre (D:2)
  2 adders (D:2)
  A worm (D:2)
  3 dart slugs
  3 endoplasms
  5 giant cockroaches
  A goblin (D:2)
  5 hobgoblins
  4 jackals
  8 kobolds
  A quokka (D:1)
  2 ball pythons
  9 bats
  A frilled lizard (D:2)
  6 rats
52 creatures vanquished.

Vanquished Creatures (others)
  A jackal (D:3)
  113 foxfires
114 creatures vanquished.

Grand Total: 166 creatures vanquished

Notes
Turn   | Place    | Note
-------+----------+-------------------------------------------
     0 | D:1      | Conn the Octopode Fire Elementalist began the quest for the
                  | Orb.
     0 | D:1      | Reached XP level 1. HP: 11/11 MP: 3/3
   282 | D:1      | Reached XP level 2. HP: 9/17 MP: 3/5
  1244 | D:1      | Found a faded altar of an unknown god.
  1735 | D:2      | Reached XP level 3. HP: 20/21 MP: 1/6
  1819 | D:2      | Reached skill level 3 in Stealth
  1983 | D:2      | Learned a level 3 spell: Conjure Flame
  1986 | D:2      | Learned a level 2 spell: Blink
  2007 | D:2      | Noticed an ogre
  2075 | D:2      | Killed an ogre
  2076 | D:2      | Reached skill level 1 in Maces & Flails
  2076 | D:2      | Reached skill level 4 in Stealth
  2076 | D:2      | Reached XP level 4. HP: 27/27 MP: 4/8
  2076 | D:2      | Reached XP level 5. HP: 32/32 MP: 4/9
  2735 | D:3      | Noticed Ijyb
  2737 | D:3      | Splashed by Ijyb's acid

Illustrated notes

Levels and vault maps discovered:
D:1:      psy_arrival_wood_between_worlds, layout_loops_corners,
          hellmonk_ecumenical_altar_pennies_from_heaven
D:2:      layout_rooms, kennysheep_potato
D:3:      layout_basic, nicolae_uskayaw_murder_on_the_dancefloor, serial_shops,
          nicolae_shop_temple_entry_statues_fountains,
          kennysheep_generic_room_2, uniq_sigmund, uniq_ijyb

Skill      XL: |  1  2  3  4  5 |
---------------+----------------+-----
Stealth        | 4 |  4.0
Maces & Flails | 1 |  1.1
Spellcasting   | 3 |  3.0
Fighting       | |  0.5
Dodging        | |  2.7
Conjurations   | |  1.4
Fire Magic     | |  3.9

Action                   |  1- 3 |  4- 6 || total
-------------------------+-------+-------++-------
Melee: Dagger            |     3 |       ||     3
       Constrict         |     7 |     4 ||    11
       Mace              |    26 |    17 ||    43
       Tentacles         |     5 |     2 ||     7
Throw: Dart              |     1 |     1 ||     2
 Cast: Foxfire           |    40 |    21 ||    61
 Stab: Sleeping          |     5 |     1 ||     6
Armor: Skin              |     5 |     9 ||    14
Dodge: Dodged            |    31 |    13 ||    44

Table legend: (Time is in decaauts)
 A = Elapsed time spent in this place.
 B = Non-inter-level travel time spent in this place.
 C = Inter-level travel time spent in this place.
 D = Time resting spent in this place.
 E = Time spent auto-exploring this place.
 F = Levels seen in this place.
 G = Mean time per level.
                   A        B        C        D        E       F      G
               +--------+--------+--------+--------+--------+-----+--------+
         Total |   2753 |   2690 |     63 |     72 |   1924 |   3 |  917.7 |
       Dungeon |   2753 |   2690 |     63 |     72 |   1924 |   3 |  917.7 |
               +--------+--------+--------+--------+--------+-----+--------+

Top non-repeatable levels by time:
     D:1: 1723 daAuts
     D:2: 1017 daAuts
     D:3: 12 daAuts
